 Dungeon Crawl Stone Soup version 0.31-a0-986-g5e6e4ef867 (webtiles) character file.

Game seed: 16512196608105966839

46 Xavori the Trooper (level 3, -1/30 HPs)
             Began as a Djinni Chaos Knight on Nov 10, 2023.
             Was a Plaything of Xom.
             Slain by a gnoll
             ... wielding a +0 whip
              (6 damage)
             ... on level 2 of the Dungeon.
             The game lasted 00:01:30 (8419 turns).

Xavori the Trooper (Djinni Chaos Knight)            Turns: 8419, Time: 00:01:30

Health: -1/30      AC:  5    Str: 11      XL:     3   Next: 92%
Gold:   102        EV: 12    Int: 13      God:    Xom [......] SH:  0 Dex: 13 (14)

rFire   + + .        a - +0 falchion (chaos)
rCold   x . .        (no shield)
rNeg    . . .        b - +2 leather armour
rPois   ∞            (no helmet)
rElec   .            (no cloak)
rCorr   .            (no gloves)
SInv    .            (boots unavailable)
Will    .....        (no amulet)
Stlth   +            (no ring)
HPRegen 0.25/turn    (no ring)
MPRegen 0.00/turn

%: infuse magic (-2 HP)
@: flying
A: sickness immunity, fire resistance 2, cold vulnerability 1, float, innate
caster, HP casting, extra vitality 1, mutation resistance 1, teleportitis 1,
subdued magic 1, MP-powered wands
a: Renounce Religion


You were on level 2 of the Dungeon.
You worshipped Xom.
You were a very special plaything of Xom.
You visited 1 branch of the dungeon, and saw 2 of its levels.

You collected 102 gold pieces.

Inventory:

Hand Weapons
 a - a +0 falchion of chaos (weapon)
Missiles
 g - 5 atropa-tipped darts (quivered)
Armour
 b - a +2 leather armour (worn)
Scrolls
 c - a scroll of butterflies
 d - 2 scrolls of teleportation {unknown}
 f - 2 scrolls of identify {unknown}
Potions
 e - a potion of berserk rage {unknown}
 h - a potion of cancellation {unknown}


   Skills:
 + Level 3.3 Fighting
 + Level 3.0 Long Blades
 + Level 1.6 Armour
 + Level 2.6 Dodging
 * Level 0.8 Spellcasting
 * Level 0.8 Conjurations
 * Level 0.8 Hexes
   Level 0.0 Charms
 * Level 0.8 Summonings
 * Level 0.8 Necromancy
 * Level 0.8 Translocations
 * Level 0.8 Transmutations
 * Level 0.8 Fire Magic
 * Level 0.8 Ice Magic
 * Level 0.8 Air Magic
 * Level 0.8 Earth Magic
 * Level 0.8 Poison Magic


You knew the following spells:

 Your Spells              Type           Power      Damage    Failure   Level
a - Apportation           Tloc           4%         N/A       22%         1
Your spell library was empty.

Dungeon Overview and Level Annotations

Branches:
Dungeon (2/15)

Altars:


Innate Abilities, Weirdness & Mutations

You are immune to sickness and miasma.
You are immune to poison.
Your flesh is very heat resistant. (rF++)
You are vulnerable to cold. (rC-)
You float through the air rather than walking.
You learn spells naturally, not from books.
Your magical power is your life essence.
You have superior vitality. (+4 MHP)
You are somewhat resistant to further mutation.
You are occasionally teleported next to monsters.
Your spells are a little easier to cast, but a little less powerful.
You expend health (3 HP) to strengthen your wands.


Message History

You slash the gnoll! You freeze the gnoll.
The gnoll is almost dead.
The gnoll hits you with a +0 spear.
You slash the gnoll!
You kill the gnoll!
A gnoll comes into view. It is wielding a +0 halberd.
Found a scroll labelled JASYTHULYE.
The gnoll shouts!
You barely miss the gnoll. The gnoll hits you with a +0 whip.
The gnoll closely misses you.
You barely miss the gnoll.
Xom's attention almost turns to you for a moment.
One of your 2 scrolls labelled TIAKLYMU BIYBOI falls out of your pack, then immediately jumps back in!
The gnoll barely misses you.
The gnoll hits you from afar with a +0 halberd.
You hit the gnoll but do no damage. The gnoll misses you.
The gnoll closely misses you. The gnoll barely misses you.
Unknown command.
You hit the gnoll but do no damage.
The gnoll is duplicated!
The gnoll hits you with a +0 club. The gnoll closely misses you.
The gnoll misses you.
Unknown command.
You hit the gnoll but do no damage. The gnoll closely misses you.
The gnoll hits you but does no damage. The gnoll closely misses you.
The gnoll barely misses you.
You hit the gnoll. You burn the gnoll.
The gnoll is lightly wounded.
The gnoll closely misses you. The gnoll hits you with a +0 club.
The gnoll closely misses you. The gnoll hits you with a +0 whip.
* * * LOW HITPOINT WARNING * * *
The gnoll barely misses you. The gnoll closely misses you.
The gnoll misses you. The gnoll hits you with a +0 whip.
* * * LOW HITPOINT WARNING * * *
You hit the gnoll but do no damage.
The gnoll seems to slow down.
The gnoll is lightly wounded.
The gnoll is no longer moving slowly.
The gnoll hits you with a +0 club.
* * * LOW HITPOINT WARNING * * *
The gnoll hits you with a +0 whip.
You die...
Xom guffaws!

.. .... #.##########
#..#####.###...<÷......
#.#..........#).....>..
#............#.........
....$........#...###...
.............#...# ..
#...........#..## .
##....)..:..#..#
#...g@g....#...
#...g..?...#
#....g.....#
#..........#
#..........#
#..........#
#.....?....#
#..........#


You could see 4 gnolls.

Vanquished Creatures
  An adder (D:2)
  A gnoll (D:2)
  A dart slug (D:1)
  2 bats (D:1)
  An endoplasm (D:1)
  A giant cockroach (D:1)
  2 goblins (D:1)
  3 hobgoblins (D:1)
  2 quokkas (D:1)
  10 frilled lizards (D:1)
  3 kobolds
  A rat (D:1)
28 creatures vanquished.

Notes
Turn   | Place    | Note
-------+----------+-------------------------------------------
     0 | D:1      | Xavori the Djinni Chaos Knight began the quest for the Orb.
     0 | D:1      | Reached XP level 1. HP: 20/20 MP: 0/0
   286 | D:1      | XOM: silly message
   359 | D:1      | Reached XP level 2. HP: 21/25 MP: 0/0
   519 | D:1      | Reached XP level 3. HP: 30/30 MP: 0/0
   519 | D:1      | Learned a level 1 spell: Apportation
   615 | D:1      | XOM: silly message
  1319 | D:1      | XOM: noise
  1599 | D:1      | XOM: give mutations
  1599 | D:1      | Gained mutation: You are occasionally teleported next to
                  | monsters. [Xom's mischief]
  1599 | D:1      | Gained mutation: Your spells are a little easier to cast,
                  | but a little less powerful. [Xom's mischief]
  1599 | D:1      | Gained mutation: You expend health (3 HP) to strengthen
                  | your wands. [Xom's mischief]
  1785 | D:1      | XOM: give mutation
  1785 | D:1      | Gained mutation: Your flesh is almost immune to the effects
                  | of heat. (rF+++) [Xom's mischief]
  2297 | D:1      | XOM: silly message
  2349 | D:1      | XOM: silly message
  2876 | D:1      | XOM is BORED!
  3120 | D:1      | XOM: silly message
  3267 | D:1      | XOM: give mutation
  3267 | D:1      | Gained mutation: You are frail. (-10% HP) [Xom's mischief]
  4473 | D:1      | XOM: silly message
  4658 | D:1      | XOM: silly message
  5558 | D:1      | XOM is BORED!
  6788 | D:1      | XOM: stat loss: -1 Dex (13/14)
  6937 | D:1      | XOM: silly message
  7032 | D:1      | XOM: give mutations
  7032 | D:1      | Lost mutation: Your flesh is almost immune to the effects
                  | of heat. (rF+++) [Xom's mischief]
  7640 | D:1      | XOM: cloud trail
  7803 | D:1      | XOM: god gift: 2 javelins
  8288 | D:1      | XOM is BORED!
  8288 | D:1      | XOM: give mutations
  8288 | D:1      | Lost mutation: You are frail. (-10% HP) [Xom's mischief]
  8288 | D:1      | Gained mutation: You are somewhat resistant to further
                  | mutation. [Xom's mischief]
  8414 | D:2      | XOM: silly message
  8419 | D:2      | Slain by a gnoll

Illustrated notes

Levels and vault maps discovered:
D:1:      roderic_crossed_star, layout_basic, minmay_misc_feat_hallway,
          minmay_lizard_king
D:2:      layout_basic, shapermc_ecumenical_altar_mp_vishouse, minmay_ruptured,
          uniq_jessica

Skill      XL: |  1  2  3 |
---------------+----------+-----
Long Blades    | 3 |  3.0
Fighting       | |  3.3
Armour         | |  1.6
Dodging        | |  2.6
Spellcasting   | |  0.8
Conjurations   | |  0.8
Hexes          | |  0.8
Summonings     | |  0.8
Necromancy     | |  0.8
Translocations | |  0.8
Transmutations | |  0.8
Fire Magic     | |  0.8
Ice Magic      | |  0.8
Air Magic      | |  0.8
Earth Magic    | |  0.8
Poison Magic   | |  0.8

Action                     || total
---------------------------++-------
  Melee: Falchion          ||    89
 Armour: Leather armour    ||    65
  Dodge: Dodged            ||    81

Table legend: (Time is in decaauts)
 A = Elapsed time spent in this place.
 B = Non-inter-level travel time spent in this place.
 C = Inter-level travel time spent in this place.
 D = Time resting spent in this place.
 E = Time spent auto-exploring this place.
 F = Levels seen in this place.
 G = Mean time per level.
                   A        B        C        D        E       F      G
               +--------+--------+--------+--------+--------+-----+--------+
         Total |   8434 |   8402 |     32 |   7453 |    749 |   2 | 4217.0 |
       Dungeon |   8434 |   8402 |     32 |   7453 |    749 |   2 | 4217.0 |
               +--------+--------+--------+--------+--------+-----+--------+

Top non-repeatable levels by time:
     D:1: 8401 daAuts
     D:2: 32 daAuts
